 Dungeon Crawl Stone Soup version 0.28.0-53-g5a82cb258f (webtiles) character file.

Game seed: 10416823804770802094

270 cbfl8 the Chopper (level 6, -4/53 HPs)
             Began as a Hill Orc Fighter on Sept 15, 2022.
             Slain by a killer bee (7 damage)
             ... on level 4 of the Dungeon.
             The game lasted 00:02:57 (3778 turns).

cbfl8 the Chopper (Hill Orc Fighter)                Turns: 3778, Time: 00:02:58

Health: -4/53      AC:  8    Str: 19    XL:     6   Next: 22%
Magic:  6/6        EV:  9    Int:  8    God:
Gold:   169        SH:  4    Dex: 12    Spells: 5/5 levels left

rFire   . . .      SeeInvis .   a - +0 war axe
rCold   . . .      Faith    .   c - +0 buckler
rNeg    . . .      Spirit   .   b - +0 scale mail
rPois   .          Reflect  .   (no helmet)
rElec   .          Harm     .   (no cloak)
rCorr   .          Rampage  .   (no gloves)
Will    .....                   g - +0 pair of boots
Stlth   ..........              (no amulet)
HPRegen 0.17/turn               (no ring)
MPRegen 0.10/turn               (no ring)

@: brilliant, lethally poisoned (-4 -> -9)
A: no striking features
a: no special abilities


You were on level 4 of the Dungeon.
You visited 1 branch of the dungeon, and saw 5 of its levels.

You collected 169 gold pieces.

Inventory:

Hand Weapons
 a - a +0 war axe (weapon)
Armour
 b - a +0 scale mail (worn)
 c - a +0 buckler (worn)
 g - a +0 pair of boots (worn)
Jewellery
 n - a ring of positive energy
Scrolls
 e - a scroll of immolation {unknown}
 h - 2 scrolls of amnesia {unknown}
 i - a scroll of fog {unknown}
 j - a scroll of teleportation {unknown}
 m - a scroll of identify {unknown}
 o - a scroll of blinking {unknown}
Potions
 d - a potion of magic {unknown}
 k - a potion of heal wounds {unknown}


   Skills:
 * Level 4.6 Fighting
 * Level 6.0 Axes
 + Level 3.9 Armour
 * Level 1.2 Dodging
 + Level 0.2 Stealth
 + Level 3.6 Shields
 * Level 1.6 Evocations


You had 5 spell levels left.
You didn't know any spells.
Your spell library contained the following spells:

 Spells                   Type           Power      Damage    Failure   Level
 Sting                    Tmut/Pois      0%         1d3       86%         1


Dungeon Overview and Level Annotations

Branches:
Dungeon (5/15)
 Temple: D:4-7

Altars:
Wu Jian

Annotations:
D:4 Edmund


Message History

The gnoll hits you with a +0 flail. x2
You closely miss the gnoll.
The gnoll is heavily wounded.
The gnoll hits you but does no damage.
As you read the scroll labelled OMOAPN XEWUNUS, it crumbles to dust.
You assume a fearsome visage.
The gnoll looks frightened! x5
It was a scroll of fear.
Cornered, the gnoll turns to fight!
Cornered, the gnoll turns to fight!
The gnoll hits you but does no damage. The gnoll barely misses you. x2
There is a stone staircase leading down here.
The gnoll hits you with a +0 flail.
You climb downwards.
You hear the sound of rushing water.
There is an entrance to a sewer on this level.
Hurry and find it before the portal rusts away!
The killer bee buzzes angrily. x4
Found a book of Displacement.
There is a stone staircase leading up here.
The gnoll barely misses you. The killer bee barely misses you.
The killer bee stings you. The killer bee closely misses you.
The killer bee completely misses you. The gnoll barely misses you.
The killer bee stings you.
* * * LOW HITPOINT WARNING * * *
You are poisoned.
The killer bee poisons you! The killer bee completely misses you.
The killer bee stings you.
* * * LOW HITPOINT WARNING * * *
The killer bee stings you but does no damage.
You climb upwards.
Level annotation: Edmund
* * * LOW HITPOINT WARNING * * *
You feel very sick. The gnoll closely misses you.
The gnoll hits you with a +0 club.
* * * LOW HITPOINT WARNING * * *
There is a stone staircase leading down here.
Unknown command.
It was a potion of brilliance.
You feel clever all of a sudden.
* * * LOW HITPOINT WARNING * * *
You feel sick. The killer bee completely misses you. The killer bee stings you!
You die...

..g #.# #.# #.# ##.##
.## #.# #...## .##.# #[#
.....##.##.####.###
....>.#.##......yy#####.
......#.#.#....y@g......
^........###...y#g######
.....#..# ##.###.#
.......## ##.# .#
.....#..## ##.## .#
.....##..###.## .#
#..####.#.#.## .#
........##.## .#
####......##


You could see 4 killer bees and 2 gnolls.

Vanquished Creatures
  A hound (D:3)
  A gnoll shaman (D:4)
  A centaur skeleton (D:4)
  2 orc wizards (D:4)
  4 gnolls (D:3)
  2 adders (D:3)
  An adder skeleton (D:4)
  2 dart slugs (D:1)
  3 orcs
  2 bats (D:2)
  8 endoplasms
  3 giant cockroaches
  4 goblins
  8 hobgoblins
  4 jackals (D:2)
  4 quokkas
  6 ball pythons
  5 frilled lizards
  5 kobolds
  6 rats
72 creatures vanquished.

Notes
Turn   | Place    | Note
-------+----------+-------------------------------------------
     0 | D:1      | cbfl8 the Hill Orc Fighter began the quest for the Orb.
     0 | D:1      | Reached XP level 1. HP: 19/19 MP: 1/1
   139 | D:1      | Reached XP level 2. HP: 16/27 MP: 2/2
   373 | D:1      | Reached skill level 3 in Axes
   622 | D:1      | Reached XP level 3. HP: 33/33 MP: 3/3
   698 | D:1      | Found a faded altar of an unknown god.
   723 | D:1      | Got Plato's Tome of Transformation
  1158 | D:2      | Found an ornate altar of the Wu Jian Council.
  1938 | D:3      | Reached skill level 4 in Axes
  1938 | D:3      | Reached XP level 4. HP: 29/41 MP: 4/4
  2059 | D:3      | Reached skill level 5 in Axes
  2059 | D:3      | Reached skill level 1 in Dodging
  2059 | D:3      | Reached skill level 1 in Evocations
  2059 | D:3      | Reached XP level 5. HP: 7/47 MP: 5/5
  3431 | D:4      | Noticed Edmund
  3715 | D:4      | Reached XP level 6. HP: 46/53 MP: 6/6
  3768 | D:4      | Reached skill level 6 in Axes
  3775 | D:5      | Entered Level 5 of the Dungeon
  3778 | D:4      | Slain by a killer bee

Illustrated notes

Levels and vault maps discovered:
D:1:      dpeg_arrival_yet_another_circle, layout_basic,
          shapermc_ecumenical_altar_rom_forum
D:2:      layout_loops_cross, basic_altar, serial_rivers,
          chequers_serial_rivers_room_a, chequers_serial_rivers_room_a,
          chequers_serial_rivers_small_b, chequers_serial_rivers_large_a
D:3:      layout_basic, mrwooster_statue_mirror, lemuel_another_geyser
D:4:      layout_loops_ring, nicolae_uskayaw_murder_on_the_dancefloor,
          amcnicky_altar_gilded, mainiacjoe_overflow_alcove_4,
          hangedman_glass_teeth, uniq_edmund
D:5:      layout_loops_ring, gup_sewer_entry_bowl, nicolae_stop_n_shop_2,
          uniq_sigmund

Skill      XL: |  1  2  3  4  5  6 |
---------------+-------------------+-----
Axes           | 3 4 5 6 |  6.0
Fighting       | 4 |  4.6
Dodging        | 1 |  1.2
Evocations     | 1 |  1.6
Armour         | |  3.9
Stealth        | |  0.2
Shields        | |  3.6

Action                   |  1- 3 |  4- 6 || total
-------------------------+-------+-------++-------
Melee: War axe           |   113 |    78 ||   191
  Use: Potion            |       |     2 ||     2
       Scroll            |       |     1 ||     1
Armor: Scale mail        |    51 |    47 ||    98
Dodge: Dodged            |    53 |    55 ||   108
Block: Buckler           |    25 |    19 ||    44
